 Dungeon Crawl Stone Soup version 0.28.0-53-g5a82cb258f (webtiles) character file.

Game seed: 16985931260210885436

50025 Peloso the Fencer (level 14, -9/132 HPs)
             Began as a Minotaur Fighter on May 29, 2022.
             Was the Champion of Okawaru.
             Killed from afar by a tengu reaver (34 damage)
             ... with a bolt of poison
             ... on level 13 of the Dungeon.
             The game lasted 00:58:20 (27348 turns).

Peloso the Fencer (Minotaur Fighter)               Turns: 27348, Time: 00:58:21

Health: -9/132     AC: 28    Str: 23    XL:     14   Next: 18%
Magic:  15/15      EV:  9    Int:  5    God:    Okawaru [******]
Gold:   1540       SH: 13    Dex: 19    Spells: 13/13 levels left

rFire   + . .      SeeInvis .   a - +5 demon blade (freeze)
rCold   . . .      Faith    .   c - +0 kite shield
rNeg    . . .      Spirit   .   g - +0 plate armour
rPois   .          Reflect  .   P - +3 hat of the Pit {rC+ Dex+6 Slay+3}
rElec   .          Harm     .   M - +1 cloak {Will+}
rCorr   .          Rampage  +   i - +1 pair of gloves
Will    ++...                   u - +1 pair of boots {rampage}
Stlth   ..........              (no amulet)
HPRegen 0.32/turn               I - +4 ring of slaying
MPRegen 0.14/turn               O - ring of fire

@: lethally poisoned (-9 -> -38)
A: horns 2, retaliatory headbutt
a: Renounce Religion, Heroism, Finesse, Duel


You were on level 13 of the Dungeon.
You worshipped Okawaru.
Okawaru was exalted by your worship.
You visited 4 branches of the dungeon, and saw 19 of its levels.
You also visited: Ossuary, Gauntlet and Volcano.

You collected 1786 gold pieces.
You spent 246 gold pieces at shops.

Inventory:

Hand Weapons
 a - a +5 demon blade of freezing (weapon)
 b - a +4 scimitar of flaming
 f - a +4 scimitar of flaming
Missiles
 U - a throwing net (quivered)
Armour
 c - a +0 kite shield (worn)
 g - a +0 plate armour (worn)
 i - a +1 pair of gloves (worn)
 u - a +1 pair of boots of rampaging (worn)
 M - a +1 cloak of willpower (worn)
 P - the +3 hat of the Pit (worn) {rC+ Dex+6 Slay+3}
   (You found it in a Gauntlet)

   Dex:       It affects your dexterity (+6).
   Slay:      It affects your accuracy & damage with ranged weapons and melee
   (+3).
   rC:        It protects you from cold.
Jewellery
 d - a +6 ring of dexterity
 E - a ring of protection from cold
 I - a +4 ring of slaying (left hand)
 L - a ring of protection from cold
 N - a ring of resist corrosion
 O - a ring of fire (right hand)
 R - an amulet of reflection
Wands
 C - a wand of mindburst (14)
 D - a wand of paralysis (19)
 F - a wand of iceblast (19)
 T - a wand of acid (2)
Scrolls
 j - 5 scrolls of teleportation
 o - 3 scrolls of fog
 r - a scroll of summoning
 s - a scroll of enchant weapon
 t - 2 scrolls of magic mapping
 x - 2 scrolls of fear
 z - a scroll of brand weapon
 H - a scroll of acquirement
 J - a scroll of amnesia
 K - a scroll of blinking
 S - a scroll of noise {unknown}
Potions
 e - 5 potions of haste
 h - 3 potions of invisibility
 k - 4 potions of ambrosia
 m - 5 potions of resistance
 p - 2 potions of heal wounds
 q - 5 potions of brilliance
 v - 3 potions of cancellation
 A - 5 potions of curing
 G - a potion of berserk rage {unknown}
 V - a potion of might


   Skills:
 + Level 14.2 Fighting
 + Level 16.2 Long Blades
 + Level 16.1 Armour
 + Level 4.4 Dodging
 + Level 2.6 Stealth
 + Level 12.1 Shields
 + Level 3.8 Invocations
 + Level 0.2 Evocations


You had 13 spell levels left.
You didn't know any spells.
Your spell library contained the following spells:

 Spells                   Type           Power      Damage    Failure   Level
 Apportation              Tloc           0%         N/A       100%        1
 Sublimation of Blood     Necr           0%         N/A       100%        2
 Ozocubu's Armour         Ice            0%         N/A       100%        3
 Cause Fear               Hex            0%         N/A       100%        4
 Petrify                  Tmut/Erth      0%         N/A       100%        4
 Irradiate                Conj/Tmut      0%         3d14      100%        5
 Metabolic Englaciation   Hex/Ice        0%         N/A       100%        5
 Statue Form              Tmut/Erth      0%         N/A       100%        6
 Dragon Form              Tmut           0%         N/A       100%        7
 Ozocubu's Refrigeration  Ice            0%         4d5       100%        7
 Storm Form               Tmut/Air       0%         N/A       100%        7
 Maxwell's Capacitive Co  Air            0%         ∞         100%        8
 Chain Lightning          Conj/Air       0%         N/A       100%        9
 Fire Storm               Conj/Fire      0%         5d1       100%        9
 Shatter                  Erth           0%         3d5*      100%        9
 Animate Skeleton         Necr           Unusable   N/A       N/A         1
 Summon Small Mammal      Summ           Unusable   N/A       N/A         1
 Summon Lightning Spire   Summ/Air       Unusable   N/A       N/A         4
 Dragon's Call            Summ           Unusable   N/A       N/A         9

Dungeon Overview and Level Annotations

Branches:
Dungeon (13/15)            Temple (1/1) D:7            Lair (4/6) D:11
 Shoals (0/4) Lair:3        Snake (0/4) Lair:4          Orc (1/2) D:9
Ossuary (visited)         Volcano (visited)         Gauntlet (visited)
 Vaults: D:13-14

Altars:
Ashenzari
Cheibriados
Dithmenos
Elyvilon
Fedhas
Gozag
Hepliaklqana
Kikubaaqudgha
Makhleb
Nemelex Xobeh
Okawaru
Qazlal
Ru
Sif Muna
Trog
Uskayaw
Vehumet
Wu Jian
Xom
Yredelemnul
Zin
The Shining One
Beogh

Shops:
D:4 [   D:7 ?   D:10 [

Annotations:
D:11 Casa
Lair:2 3 runed translucent doors, Nymaqeth's ghost, journeyman DDEE


Innate Abilities, Weirdness & Mutations

You have a pair of horns on your head.
You reflexively headbutt those who attack you in melee.


Message History

Unknown command.
You slice the tengu conjurer!! You freeze the tengu conjurer!
The tengu conjurer is almost dead.
The dream sheep changes into an elephant!
The tengu reaver hits you but does no damage.
You feel drained.
The tengu reaver pecks you but does no damage.
The tengu reaver claws you but does no damage.
You block the tengu conjurer's attack. x3
Something hits you but does no damage.
You miss the tengu conjurer.
The tengu conjurer is almost dead.
You block the tengu reaver's attack. The tengu reaver pecks you.
The tengu reaver claws you.
Unknown command.
You slash the tengu conjurer! You freeze the tengu conjurer.
You kill the tengu conjurer!
Okawaru accepts your kill.
The battlesphere dissipates.
Something hits you but does no damage.
The tengu reaver gestures at you while chanting.
The bolt of poison hits you!!
You are poisoned.
* * * LOW HITPOINT WARNING * * *
Your life force feels restored.
You feel very sick.
Things that are here:
a +0 buckler; a tengu corpse; a glowing shapeshifter corpse
Okay, then.
You feel very sick.
Things that are here:
a +0 long sword; a +0 leather armour; an elf corpse You feel very sick.
The tengu reaver gestures at you while chanting.
The bolt of lightning hits you!!
* * * LOW HITPOINT WARNING * * *
You feel much better.
You feel sick.
The tengu reaver points at you and mumbles some strange words.
The bolt of poison hits you!!
You are lethally poisoned!
You die...

## ##.## #.
.#..# .#.#..#
...#..# #
##.##..# ##.
#)$$#..#
#..Y#####..#
#.cQQ)@..#
#...#####..#
##.
#!$$#..######
#
##.##.<.....#
...#.......#
.#.#.......#
#. .#.....(.#
## ##.......#
........#


You could see a tengu reaver, an elephant shaped shifter, a tengu warrior and a
centaur warrior.

Vanquished Creatures
  Gastronok (Lair:3)
  A storm dragon (D:13)
  A stone giant (Volcano)
  A minotaur (Gauntlet)
  Azrael (D:11)
  Josephine (D:9)
  2 boulder beetles
  4 hydras
  The ghost of DildoBatman the Blocker, a journeyman FoCj of Gozag (D:11)
  2 catoblepae
  3 two-headed ogres
  An orc high priest (D:9)
  A tengu warrior (Gauntlet)
  Urug (Lair:2)
  Sonja (D:12)
  A glowing orange brain (Gauntlet)
  The ghost of Robocop the Cleaver, a novice HOFi (D:5)
  An orc knight (D:8)
  A deep elf pyromancer (D:13)
  3 ugly things
  2 manticores
  2 cyclopes
  An elephant (shapeshifter) (D:13)
  3 molten gargoyles
  5 gargoyles
  7 cane toads
  A minotaur zombie (Gauntlet)
  3 komodo dragons
  3 kobold demonologists (D:10)
  An unseen horror (D:10)
  A yaktaur (D:13)
  2 efreet
  3 tengu conjurers
  3 trolls (D:9)
  2 hornets (D:7)
  3 blink frogs (Lair:3)
  5 slime creatures (D:12)
  Prince Ribbit (D:8)
  3 vampires
  26 yaks
  2 shadows
  Sigmund (D:4)
  2 fire bats (Volcano)
  8 wraiths
  Grum (D:8)
  A basilisk (Lair:1)
  3 wyverns
  A steam dragon (D:7)
  5 fire elementals
  A redback (D:13)
  6 vampire mosquitoes
  2 wargs (D:9)
  5 nagas (Lair:4)
  An acid dragon (D:12)
  6 hell hounds
  12 water moccasins
  An ice beast (D:7)
  19 orc warriors
  2 black bears
  2 necrophages (D:6)
  9 ogres
  7 wolves
  13 centaurs
  2 phantoms
  4 kobold brigands
  Blork the orc (D:4)
  8 bullfrogs
  A gnoll sergeant (D:6)
  A water moccasin zombie (D:5)
  6 scorpions
  A troll zombie (D:9)
  9 killer bees
  A water moccasin skeleton (D:6)
  11 wights
  6 howler monkeys
  6 lava snakes (Volcano)
  2 bullfrog zombies
  3 centaur zombies
  4 hounds
  5 orc priests
  Crazy Yiuf (D:3)
  2 bullfrog skeletons
  6 jellies
  2 centaur skeletons
  15 orc wizards
  Natasha (D:4)
  2 iguanas
  2 hell rats (Lair:3)
  2 killer bee zombies
  5 ogre zombies (D:9)
  2 howler monkey zombies
  6 gnolls
  A howler monkey skeleton (D:5)
  5 river rats (Lair:3)
  5 adders
  2 white imps (D:7)
  An adder zombie (Ossuary)
  5 worms
  A dart slug (D:1)
  54 orcs
  9 ball pythons
  4 endoplasms
  A giant cockroach (D:1)
  6 goblins
  9 hobgoblins
  4 jackals (D:5)
  6 quokkas
  A ball python skeleton (Ossuary)
  3 bats
  3 frilled lizards
  2 goblin skeletons (D:9)
  3 goblin zombies (D:9)
  2 hobgoblin skeletons
  2 hobgoblin zombies
  18 kobolds
  A kobold zombie (Ossuary)
  2 orc skeletons (D:9)
  13 orc zombies
  8 rats
  A butterfly (Lair:3)
505 creatures vanquished.

Vanquished Creatures (others)
  73 fungi
  57 plants
130 creatures vanquished.

Grand Total: 635 creatures vanquished

Notes
Turn   | Place    | Note
-------+----------+-------------------------------------------
     0 | D:1      | Peloso the Minotaur Fighter began the quest for the Orb.
     0 | D:1      | Reached XP level 1. HP: 19/19 MP: 0/0
    74 | D:1      | Reached XP level 2. HP: 23/27 MP: 1/1
   273 | D:1      | Found a faded altar of an unknown god.
   460 | D:1      | Reached XP level 3. HP: 33/33 MP: 2/2
   982 | D:2      | Identified the +2 hand axe of Silly Integrity {chaos, rN+
                  | Dex+2}
  1128 | D:2      | Reached skill level 5 in Armour
  1314 | D:2      | Reached XP level 4. HP: 40/40 MP: 3/3
  1361 | D:2      | You fall into a shaft and drop 1 floor!
  1576 | D:3      | Found a sacrificial altar of Ru.
  1576 | D:3      | Found a bloodstained altar of Trog.
  1738 | D:3      | Found a runed translucent door.
  1739 | D:3      | Noticed Crazy Yiuf
  1795 | D:3      | Reached XP level 5. HP: 41/46 MP: 4/4
  1833 | D:3      | Found a hazy altar of Hepliaklqana.
  2909 | D:4      | Noticed a black bear
  2922 | D:4      | Killed a black bear
  3129 | D:4      | Noticed an ogre
  3138 | D:4      | Killed an ogre
  3139 | D:4      | Reached skill level 5 in Long Blades
  3139 | D:4      | Reached XP level 6. HP: 44/53 MP: 5/5
  3289 | D:4      | Noticed Sigmund
  3301 | D:4      | Killed Sigmund
  3302 | D:4      | Reached skill level 5 in Fighting
  3302 | D:4      | Reached skill level 1 in Dodging
  3399 | D:4      | Reached XP level 7. HP: 58/61 MP: 6/6
  3463 | D:4      | Found Tahu's Antique Armour Boutique.
  3468 | D:4      | Bought a pair of glowing boots for 180 gold pieces
  3529 | D:4      | Noticed Natasha
  3542 | D:4      | Killed Natasha
  3630 | D:4      | Noticed Blork the orc
  3633 | D:4      | Killed Blork the orc
  3854 | D:5      | Entered Level 5 of the Dungeon
  4257 | D:5      | Found a sparkling altar of Nemelex Xobeh.
  4306 | D:5      | Reached XP level 8. HP: 51/68 MP: 7/7
  4429 | D:5      | Found a shimmering altar of Xom.
  4440 | D:5      | Found a runed translucent door.
  4452 | D:5      | Noticed Robocop's ghost (novice HOFi)
  4490 | D:5      | Reached skill level 5 in Shields
  5236 | D:6      | Found a stormy altar of Qazlal.
  5258 | D:6      | Reached skill level 1 in Stealth
  5889 | D:6      | Identified the +0 helmet of the Rose {Int+3}
  5961 | D:6      | Reached XP level 9. HP: 75/75 MP: 8/8
  6549 | D:7      | Found a staircase to the Ecumenical Temple.
  6563 | D:7      | Reached skill level 10 in Long Blades
  6590 | D:7      | Noticed a cyclops
  6610 | D:7      | Killed a cyclops
  6702 | D:7      | Found a sand-covered staircase.
  6706 | D:7      | Found Yhecin's Magic Scroll Boutique.
  6711 | Ossuary  | Entered an ossuary
  7391 | D:7      | Bought a scroll of magic mapping for 42 gold pieces
  7391 | D:7      | Bought a scroll of identify for 24 gold pieces
  7534 | Temple   | Entered the Ecumenical Temple
  8037 | D:7      | Reached XP level 10. HP: 73/86 MP: 9/9
  8092 | D:7      | Noticed a boulder beetle
  8093 | D:7      | Noticed a six-headed hydra
  8256 | D:8      | Noticed a two-headed ogre
  8263 | D:8      | Killed a two-headed ogre
  8336 | D:8      | Noticed Grum
  8372 | D:8      | Reached skill level 10 in Armour
  8391 | D:8      | Killed Grum
  8704 | D:8      | Found a white marble altar of Elyvilon.
  8822 | D:8      | Noticed Prince Ribbit
  8829 | D:8      | Killed Prince Ribbit
  9363 | D:8      | Found a glowing golden altar of the Shining One.
  9363 | D:8      | Found a shadowy altar of Dithmenos.
  9365 | D:8      | Found a broken altar of Ashenzari.
  9586 | D:8      | Found an iron altar of Okawaru.
  9770 | D:8      | Became a worshipper of Warmaster Okawaru
 10090 | D:9      | Reached * piety under Okawaru
 10135 | D:9      | Found a staircase to the Orcish Mines.
 10746 | D:9      | Noticed a catoblepas
 10766 | D:9      | HP: 1/90 [catoblepas (10)]
 10787 | D:9      | Reached XP level 11. HP: 25/95 MP: 10/10
 11368 | D:9      | Killed a catoblepas
 11769 | D:10     | Entered Level 10 of the Dungeon
 11963 | D:10     | Noticed a two-headed ogre
 11971 | D:10     | Killed a two-headed ogre
 11971 | D:10     | Reached ** piety under Okawaru
 12124 | D:10     | Found Guenk's Antique Armour Boutique.
 12823 | D:10     | Noticed a sixfirhy
 12938 | D:11     | Noticed a sun demon
 12966 | D:10     | Noticed a sixfirhy
 13227 | D:11     | Reached skill level 1 in Invocations
 13323 | D:11     | Found a staircase to the Lair.
 13961 | D:11     | Reached skill level 10 in Fighting
 13961 | D:11     | Reached *** piety under Okawaru
 14169 | D:11     | Noticed a two-headed ogre
 14174 | D:11     | Killed a two-headed ogre
 14276 | D:11     | Found a runed translucent door.
 14278 | D:11     | Noticed DildoBatman's ghost (journeyman FoCj)
 14580 | D:3      | Killed Crazy Yiuf
 14692 | D:5      | Killed Robocop's ghost
 14692 | D:5      | Reached **** piety under Okawaru
 14850 | Lair:1   | Entered Level 1 of the Lair of Beasts
 14886 | Lair:1   | Reached XP level 12. HP: 97/108 MP: 12/12
 15117 | Lair:1   | Noticed an eight-headed hydra
 15223 | Orc:1    | Entered Level 1 of the Orcish Mines
 15223 | Orc:1    | Noticed an orc high priest
 15236 | D:9      | Killed an orc high priest
 16755 | Orc:1    | Noticed Josephine
 16774 | D:9      | Killed Josephine
 17749 | D:12     | Reached ***** piety under Okawaru
 17960 | D:12     | Noticed a boulder beetle
 18002 | D:12     | Killed a boulder beetle
 18078 | D:12     | Noticed Azrael
 18466 | D:11     | Reached skill level 10 in Shields
 18759 | D:11     | Killed Azrael
 19375 | D:12     | Noticed Sonja
 19380 | D:12     | Killed Sonja
 19381 | D:12     | Reached skill level 15 in Long Blades
 20097 | D:7      | Reached XP level 13. HP: 115/118 MP: 14/14
 21027 | Lair:2   | You fall into a shaft and drop 1 floor!
 21086 | Lair:3   | Found a gate leading to a gauntlet.
 21103 | Gauntlet | Entered a Gauntlet
 21103 | Gauntlet | Found a transporter.
 21103 | Gauntlet | Found a transporter.
 21106 | Gauntlet | Found a transporter.
 21110 | Gauntlet | Found a transporter.
 21130 | Gauntlet | Found a transporter.
 21152 | Gauntlet | Found a transporter.
 21152 | Gauntlet | Found a transporter.
 21168 | Gauntlet | Found a transporter.
 21183 | Gauntlet | Found a transporter.
 21191 | Gauntlet | Found a runed translucent door.
 21193 | Gauntlet | Found a transporter.
 21195 | Gauntlet | Found a runed translucent door.
 21208 | Gauntlet | Found a transporter.
 21220 | Gauntlet | Found a transporter.
 21229 | Gauntlet | Found a transporter.
 21251 | Gauntlet | Found a transporter.
 21743 | Gauntlet | Identified a scroll of acquirement
 21925 | Gauntlet | Received a gift from Okawaru
 21933 | Gauntlet | Reached skill level 15 in Armour
 22396 | Gauntlet | Identified the +3 hat of the Pit {rC+ Dex+6 Slay+3}
 22590 | Gauntlet | Identified the +1 ring mail of the Black Moon {Rampage rN+
                  | Regen+ Str-4}
 22590 | Gauntlet | Noticed a minotaur
 22611 | Gauntlet | Killed a minotaur
 23436 | Lair:2   | Found a runed translucent gate.
 23436 | Lair:2   | Found a runed translucent gate.
 23436 | Lair:2   | Found a runed translucent gate.
 23437 | Lair:2   | Noticed Nymaqeth's ghost (journeyman DDEE)
 23553 | Lair:2   | Noticed Urug
 23559 | Lair:2   | Killed Urug
 24642 | Lair:3   | Found a staircase to the Shoals.
 24987 | Lair:3   | Noticed Gastronok
 24998 | Lair:3   | Killed Gastronok
 25197 | Lair:4   | Found a dark tunnel.
 25209 | Volcano  | Entered a volcano
 25334 | Volcano  | Found a bloodstained altar of Trog.
 25456 | Volcano  | Noticed a stone giant
 25469 | Volcano  | Killed a stone giant
 26171 | Lair:4   | Found a staircase to the Snake Pit.
 26181 | Lair:4   | Reached XP level 14. HP: 98/130 MP: 15/15
 26588 | Lair:4   | Received a gift from Okawaru
 27247 | D:11     | Killed DildoBatman's ghost
 27303 | D:13     | Noticed a storm dragon
 27314 | D:13     | Noticed a tengu reaver
 27337 | D:13     | Killed a storm dragon
 27337 | D:13     | Reached ****** piety under Okawaru
 27347 | D:13     | HP: 1/132 [tengu reaver/bolt of lightning (23)]
 27348 | D:13     | Killed from afar by a tengu reaver

Illustrated notes

Levels and vault maps discovered:
D:1:      minmay_arrival_glassed_features, layout_basic,
          chequers_ecumenical_altar_simple, minmay_tree_intersection,
          minmay_indecisive_spiral
D:2:      layout_basic, minmay_domino_4
D:3:      layout_basic, nicolae_overflow_crystal_walls,
          mainiacjoe_overflow_divided_tiny, uniq_crazy_yiuf_cottage
D:4:      layout_basic, serial_shops, shop, minmay_misc_feat_pillars,
          kennysheep_big_empty_room, uniq_natasha, uniq_sigmund,
          uniq_blork_the_orc
D:5:      cheibrodos_helix_gallery, layout_basic, lemuel_tele_altar,
          mainiacjoe_overflow_24_doors, ebering_ghost_sewer_d
D:6:      layout_loops_corners, mainiacjoe_overflow_brackets, minmay_pentangle
D:7:      kennysheep_windowed_halls, layout_rooms, minmay_temple_entry_ruins,
          nicolae_ossuary_entry_ruins, serial_shops, shop
D:8:      nicolae_cairo_tiling_very_big, layout_basic,
          nicolae_elyvilon_peaceful_grove, marbit_many_paths,
          grunt_temple_overflow_open, uniq_prince_ribbit1, uniq_grum
D:9:      layout_irregular_city, zombieorc1_lemuel
D:10:     layout_rooms, serial_shops, nicolae_shop_hallway_plus,
          minmay_misc_feat_iff
D:11:     layout_gridville, due_lair_maze_entry_diamond,
          ebering_ghost_reflecting_pool, minmay_misc_feat_secret_circle
D:12:     layout_loops_ring, uniq_sonja, uniq_azrael
D:13:     minmay_guarded_unrand_guard, layout_irregular_city, david_vaults_2,
          serial_column_ruins, column_ruins_temple_circle,
          column_ruins_square_medium, column_ruins_corridor_corner,
          column_ruins_open_tiny, column_ruins_grid_1, column_ruins_open_tiny,
          ashenzari_altar_1
Temple:   minmay_temple_curvy_loop
Lair:1:   layout_long_grid
Lair:2:   layout_regular_city, gammafunk_ghost_necromancy, uniq_urug
Lair:3:   layout_loops_ring, elwin_shoals_entry_rocks, gauntlet_entry_generic,
          kennysheep_rathole, infiniplex_staircase_pool_2, lemuel_fruit_fields,
          uniq_gastronok
Lair:4:   layout_cave_pods, minmay_snake_entry_guardpost_large, enter_volcano_3
Orc:1:    layout_caves, basic_altar, uniq_josephine

Skill      XL: |  1  2  3  4  5  6  7  8  9 10 11 12 13 14 |
---------------+-------------------------------------------+-----
Shields        | 4 6 7 8 10 11 12 | 12.1
Armour         | 4 5 6 7 9 11 13 14 15 16 | 16.1
Fighting       | 4 5 6 7 8 10 12 13 14 | 14.2
Long Blades    | 3 5 6 7 9 11 13 14 15 16 | 16.2
Dodging        | 1 2 3 4 |  4.4
Stealth        | 1 2 |  2.6
Invocations    | 1 3 |  3.8
Evocations     | |  0.2

Action                   |  1- 3 |  4- 6 |  7- 9 | 10-12 | 13-15 || total
-------------------------+-------+-------+-------+-------+-------++-------
Melee: Long sword        |    67 |   140 |   248 |       |       ||   455
       Headbutt          |     7 |    20 |    58 |   206 |   154 ||   445
       Falchion          |       |       |    56 |   795 |   122 ||   973
       Scimitar          |       |       |       |       |   220 ||   220
       Demon blade       |       |       |       |       |   125 ||   125
Invok: Heroism           |       |       |       |    25 |     9 ||    34
Evoke: Wand              |       |       |       |     2 |       ||     2
  Use: Scroll            |     1 |       |     9 |     8 |    10 ||    28
       Potion            |     1 |       |     2 |     6 |     1 ||    10
 Stab: Paralysed         |       |       |       |     1 |       ||     1
Armor: Scale mail        |    29 |    16 |       |       |       ||    45
       Chain mail        |       |    50 |   176 |   236 |       ||   462
       Plate armour      |       |       |       |   144 |   156 ||   300
Dodge: Dodged            |    48 |    51 |   113 |   292 |    98 ||   602
Block: Buckler           |    12 |    35 |    65 |   205 |    25 ||   342
       Kite shield       |       |       |       |       |   141 ||   141
